AoeStats
← Llambitos Hope

Enclosed

505728481Analyzed
1v1 RM · 22d ago on Sep 10, 2026· 14m 32s· 2 players
Game mode
Random Map
Map size
Tiny (2 player)
Population
200
Speed
Normal
Resources
Standard
Victory
Conquest
Starting age
Dark Age
Ending age
Imperial Age
RankedLock teamsTeams togetherTeam positionsShared explorationLock speedFull tech treeHidden civsTurbo modeCheats
Victory
Defeat
🇩🇪 Ethiopians · Germany
1283
+18
🇦🇷 Vietnamese · Argentina
1329
-18
Flutschfinger
7:11 Loom
9:26 Feudal Age
10:01 Man-at-Arms
10:43 Double-Bit Axe
14:14 Fletching
Llambitos Hope
10:32 Feudal Age
14:51 Castle Age
13:58 Fletching
14:25 Horse Collar
Connection lost

Rejoining the realm…

Still unreachable

The connection could not be restored.

Session expired

The server has moved on; the page needs a fresh start.